 Dungeon Crawl Stone Soup version 0.30-a0-782-ge64f9170bb (webtiles) character file.

Game seed: 10768664933309164291

2699 Conn the Thaumaturge (level 9, -10/53 HPs)
             Began as an Octopode Fire Elementalist on Feb 25, 2023.
             Was a Priest of Sif Muna.
             Killed by an exploding orc (34 damage)
             ... ignited by their inner flame
             ... on level 8 of the Dungeon.
             The game lasted 00:20:10 (6780 turns).

Conn the Thaumaturge (Octopode Fire Elementalist)   Turns: 6780, Time: 00:20:10

Health: -10/53     AC:  1    Str:  7    XL:     9   Next: 65%
Magic:  11/21      EV: 13    Int: 22    God:    Sif Muna [***...]
Gold:   412        SH:  0    Dex: 12    Spells: 11/24 levels left

rFire   . . .      SeeInvis .    B - +3 dagger (protect)
rCold   . . .      Faith    .    (no shield)
rNeg    . . .      Spirit   .    (helmet restricted)
rPois   .          Reflect  .    l - amulet of magic regeneration
rElec   .          Harm     .    u - ring of resist corrosion
rCorr   +          Rampage  .    (no ring)
Will    .....                    (no ring)
Stlth   ++++                     (no ring)
HPRegen 0.28/turn                (no ring)
MPRegen 0.57/turn                (no ring)
                                 (no ring)
                                 (no ring)

@: no status effects
A: almost no armour, amphibious, 8 rings, camouflage 1, gelatinous body 1,
(nimble swimmer 1), tentacles
a: Renounce Religion, Channel Magic, Forget Spell


You were on level 8 of the Dungeon.
You worshipped Sif Muna.
Sif Muna was most pleased with you.
You visited 1 branch of the dungeon, and saw 8 of its levels.
You also visited: Ossuary.

You collected 412 gold pieces.

Inventory:

Hand Weapons
 c - a +0 short sword
 x - a +1 hand axe of freezing
 B - a +3 dagger of protection (weapon)
Missiles
 f - a throwing net
 i - 6 datura-tipped darts
 y - a curare-tipped dart (quivered)
Jewellery
 l - an amulet of magic regeneration (around mantle)
 u - a ring of resist corrosion (left tentacle)
Wands
 n - a wand of iceblast (14)
 A - a wand of flame (17)
 G - a wand of paralysis (20)
Scrolls
 b - a scroll of identify
 d - 3 scrolls of teleportation
 k - 2 scrolls of poison
 m - a scroll of torment
 p - a scroll of enchant weapon
 s - a scroll of brand weapon
 w - a scroll of enchant armour
 E - a scroll of immolation {unknown}
Potions
 a - 3 potions of magic
 e - 2 potions of attraction
 g - 3 potions of brilliance
 h - 6 potions of heal wounds
 j - 4 potions of curing
 o - 3 potions of lignification
 q - a potion of mutation
 r - a potion of berserk rage
 t - a potion of invisibility
 v - a potion of ambrosia {unknown}
 z - 3 potions of resistance
 C - a potion of flight
 D - 2 potions of might
 F - a potion of haste


   Skills:
 + Level 1.3 Fighting
 + Level 2.1 Short Blades
 + Level 1.9 Axes
 + Level 2.7 Dodging
 + Level 5.3 Stealth
 * Level 8.2 Spellcasting
 * Level 4.5 Conjurations
 + Level 0.3 Hexes
 + Level 7.1 Fire Magic


You had 11 spell levels left.
You knew the following spells:

 Your Spells              Type           Power      Damage    Failure   Level
a - Foxfire               Conj/Fire      100%       2x1d9     1%          1
b - Summon Guardian Gole  Hex/Summ       9%         N/A       21%         3
c - Inner Flame           Hex/Fire       25%        N/A       4%          3
d - Flame Wave            Conj/Fire      34%        2d10      7%          4
e - Scorch                Fire           80%        2d9       1%          2

Your spell library contained the following spells:

 Spells                   Type           Power      Damage    Failure   Level
 Magic Dart               Conj           100%       1d8       1%          1
 Searing Ray              Conj           58%        2d6       1%          2
 Kiss of Death            Conj/Necr      76%        2d11      3%          1
 Freeze                   Ice            36%        1d5       8%          1
 Hailstorm                Conj/Ice       19%        3d6       9%          3
 Ignite Poison            Fire/Tmut/Pois 19%        N/A       9%          3
 Kindle Blastsparks       Fire/Tloc/Air  38%        2d13      9%          3
 Lesser Beckoning         Tloc           18%        N/A       11%         2
 Confusing Touch          Hex            10%        N/A       19%         3
 Frozen Ramparts          Ice            18%        1d3       22%         3
 Gell's Gravitas          Tloc           9%         N/A       22%         3
 Teleport Other           Tloc           9%         N/A       22%         3
 Fulminant Prism          Conj/Hex       9%         3d7       26%         4
 Dispel Undead            Necr           9%         3d8       58%         4
 Freezing Cloud           Conj/Ice/Air   7%         6-21      73%         5
 Orb of Destruction       Conj           14%        9d7       100%        7
 Spellforged Servitor     Conj/Summ      9%         N/A       100%        7


Dungeon Overview and Level Annotations

Branches:
Dungeon (8/15)             Temple (0/1) D:5         Ossuary (visited)
   Lair: D:8-11

Altars:
Kikubaaqudgha
Makhleb
Sif Muna
The Shining One

Shops:
D:4 :


Innate Abilities, Weirdness & Mutations

You cannot wear most types of armour.
You are amphibious.
You can wear up to eight rings at the same time.
Your skin changes colour to match your surroundings (Stealth+).
Your rubbery body absorbs attacks. (AC +1, EV +1)
((You are camouflaged when in or above water. (Stealth+)))
You have tentacles for arms and can constrict up to eight enemies at once.


Message History

Aiming: Inner Flame (dangerous; 4% risk of failure)
Press: ? - help, Dir - move target, f - orc, p - orc wizard
Aim: an orc, wielding a +0 club (chance to affect: 91%)
The orc is filled with an inner flame.
The orc hits you with a +0 dagger.
Casting: Inner Flame (dangerous; 4% risk of failure)
Confirm with . or Enter, or press ? or * to list all spells.
Aiming: Inner Flame (dangerous; 4% risk of failure)
Press: ? - help, Dir - move target, f - orc wizard, p - orc
Aim: an orc wizard, wielding a +0 dagger and wearing a +0 robe (almost dead, chance to affect: 80%)
The orc wizard is filled with an inner flame.
The orc wizard mumbles some strange words.
The orc wizard flickers and vanishes!
Deactivating autopickup; reactivate with Ctrl-A.
Casting: Inner Flame (dangerous; 4% risk of failure)
Confirm with . or Enter, or press ? or * to list all spells.
You conjure some foxfire!
The foxfire hits something.
Sif Muna accepts your kill.
Reactivating autopickup.
You feel a bit more experienced.
The orc wizard explodes!
The fiery explosion engulfs you!!
Ouch! That really hurt!
The fiery explosion engulfs your foxfire.
Your foxfire completely resists.
The fiery explosion engulfs the orc!!!
Sif Muna accepts your kill.
The fiery explosion engulfs the orc!!!
Sif Muna accepts your kill.
The orc explodes!
The fiery explosion engulfs the two-headed ogre!!
The two-headed ogre is heavily wounded.
The fiery explosion engulfs the orc priest!!
You kill the orc priest!
Sif Muna accepts your kill.
The orc explodes!
The fiery explosion engulfs your foxfire.
Your foxfire completely resists.
The fiery explosion engulfs you!!
Ouch! That really hurt!
You die...

######### #.......#
#####.......#
#...........#
#######.######.##########
..##............@§§OYc...
#.##.#..........v§§)o....
...#.....#############...
#....##..# . .....##..#
...#+##..# ......#..#
......#..# ..<...#..#


You could see a two-headed ogre, an ice beast, a centaur and an orc.

Vanquished Creatures
  An unseen horror (D:6)
  An acid dragon (D:7)
  2 water moccasins (D:7)
  An ice beast (D:7)
  A sky beast (D:6)
  2 black bears
  2 ogres
  A phantom (D:6)
  A kobold brigand (D:7)
  An elf zombie (D:5)
  2 bullfrogs
  2 elf skeletons (D:5)
  2 scorpions
  5 wights (D:7)
  A howler monkey (D:5)
  A centaur zombie (Ossuary)
  2 human zombies
  An orc priest (D:8)
  2 hounds
  3 jellies
  6 iguanas
  3 orc wizards
  A human skeleton (D:5)
  2 mummies (Ossuary)
  6 adders
  4 white imps
  2 ufetubi
  3 worms
  8 dart slugs
  15 orcs
  3 bats
  7 endoplasms
  3 giant cockroaches
  A gnoll zombie (Ossuary)
  6 goblins
  9 hobgoblins
  9 jackals
  10 kobolds
  3 quokkas
  3 ball pythons
  2 frilled lizards
  3 goblin zombies (Ossuary)
  A kobold zombie (Ossuary)
  2 orc zombies
  5 rats
151 creatures vanquished.

Vanquished Creatures (collateral kills)
  2 foxfires (D:5)
2 creatures vanquished.

Vanquished Creatures (others)
  391 foxfires
391 creatures vanquished.

Grand Total: 544 creatures vanquished

Notes
Turn   | Place    | Note
-------+----------+-------------------------------------------
     0 | D:1      | Conn the Octopode Fire Elementalist began the quest for the
                  | Orb.
     0 | D:1      | Reached XP level 1. HP: 11/11 MP: 3/3
   132 | D:1      | Reached XP level 2. HP: 17/17 MP: 0/5
   313 | D:1      | Learned a level 2 spell: Scorch
   509 | D:1      | Reached XP level 3. HP: 21/21 MP: 2/6
  1229 | D:2      | Found a shimmering blue altar of Sif Muna.
  1237 | D:2      | Became a worshipper of Sif Muna the Loreminder
  1341 | D:2      | Learned a level 3 spell: Inner Flame
  1394 | D:2      | Reached XP level 4. HP: 27/27 MP: 7/7
  2083 | D:3      | Reached * piety under Sif Muna
  2163 | D:3      | Reached XP level 5. HP: 31/31 MP: 2/9
  2417 | D:4      | Reached skill level 3 in Spellcasting
  2638 | D:4      | Found Ylegry's Book Shoppe.
  2718 | D:4      | You fall into a shaft and drop 3 floors!
  2775 | D:7      | Reached XP level 6. HP: 37/37 MP: 7/11
  2859 | D:7      | Noticed a water moccasin
  2874 | D:7      | Killed a water moccasin
  2875 | D:7      | Reached skill level 4 in Spellcasting
  3137 | D:7      | Noticed an acid dragon
  3144 | D:7      | Learned a level 4 spell: Flame Wave
  3148 | D:7      | Killed an acid dragon
  3149 | D:7      | Reached XP level 7. HP: 42/42 MP: 4/13
  3155 | D:7      | Reached skill level 1 in Fighting
  3284 | D:7      | Reached skill level 5 in Fire Magic
  3313 | D:7      | Reached skill level 5 in Spellcasting
  3393 | D:6      | Reached ** piety under Sif Muna
  3407 | D:6      | Reached XP level 8. HP: 21/48 MP: 0/16
  3832 | D:7      | Reached skill level 1 in Axes
  4083 | D:7      | Reached skill level 6 in Spellcasting
  4543 | D:6      | Killed an unseen horror
  4544 | D:6      | Reached skill level 7 in Spellcasting
  4544 | D:6      | Reached XP level 9. HP: 12/53 MP: 6/19
  4827 | D:5      | Entered Level 5 of the Dungeon
  4865 | D:5      | Found an ancient bone altar of Kikubaaqudgha.
  4873 | D:5      | Found a glowing golden altar of the Shining One.
  4964 | D:5      | Found a sand-covered staircase.
  4973 | Ossuary  | Entered an ossuary
  5569 | D:5      | Reached skill level 8 in Spellcasting
  5624 | D:5      | Reached skill level 1 in Short Blades
  5707 | D:5      | Reached *** piety under Sif Muna
  5867 | D:5      | Found a faded altar of an unknown god.
  5869 | D:5      | Found a staircase to the Ecumenical Temple.
  5875 | D:5      | Identified the +0 ring mail of Supple Strength {rF+ Will+
                  | rCorr}
  5896 | D:5      | Learned a level 3 spell: Summon Guardian Golem
  6120 | D:4      | Reached skill level 5 in Stealth
  6477 | D:6      | Found a burning altar of Makhleb.
  6773 | D:8      | Noticed a two-headed ogre
  6780 | D:8      | Killed by an exploding orc... ignited by their inner flame

Illustrated notes

Levels and vault maps discovered:
D:1:      dpeg_arrival_rooms_with_view, layout_rooms, grunt_decor_arrowhead
D:2:      layout_loops_ring, basic_altar
D:3:      layout_rooms
D:4:      layout_rooms, nicolae_take_the_stairs
D:5:      layout_rooms, mainiacjoe_overflow_big_doors,
          nicolae_temple_entry_ecumenical, nicolae_ossuary_entry_catacombs,
          grunt_decor_fettered
D:6:      layout_cave_pools, pf_just_have_faith
D:7:      layout_loops_corners, chequers_serial_rivers_room_b,
          skrybe_limestone_x, chequers_serial_rivers_large_b
D:8:      nzn_winding_woodlands_medium [nzn_winding_woodlands_5x5_three,
          nzn_winding_woodlands_5x15_parted,
          nzn_winding_woodlands_5x5_perimeter,
          nzn_winding_woodlands_5x5_default,
          nzn_winding_woodlands_center_triple_pond,
          nzn_winding_woodlands_5x5_cross, nzn_winding_woodlands_hourglass,
          nzn_winding_woodlands_5x15_eye,
          nzn_winding_woodlands_5x5_checkerboard], layout_basic, serial_rivers,
          chequers_serial_rivers_micro_b, chequers_serial_rivers_micro_b,
          chequers_serial_rivers_micro_c, chequers_serial_rivers_large_a

Skill      XL: |  1  2  3  4  5  6  7  8  9 |
---------------+----------------------------+-----
Stealth        | 3 4 5 |  5.3
Conjurations   | 2 3 4 |  4.5
Fire Magic     | 4 5 6 7 |  7.1
Spellcasting   | 3 4 5 7 8 |  8.2
Fighting       | 1 |  1.3
Axes           | 1 |  1.9
Short Blades   | 2 |  2.1
Dodging        | |  2.7
Hexes          | |  0.3

Action                     |  1- 3 |  4- 6 |  7- 9 || total
---------------------------+-------+-------+-------++-------
  Melee: Short sword       |    21 |    11 |       ||    32
         Constrict         |     5 |     9 |    16 ||    30
         Tentacles         |     2 |     4 |    13 ||    19
         Hand axe          |       |    18 |     6 ||    24
         Dagger            |       |       |    42 ||    42
         Punch             |       |       |     2 ||     2
   Cast: Foxfire           |    50 |    73 |   103 ||   226
         Scorch            |     1 |    11 |    53 ||    65
         Inner Flame       |       |     1 |     6 ||     7
         Flame Wave        |       |       |     3 ||     3
    Use: Potion            |       |       |     6 ||     6
         Scroll            |       |       |    14 ||    14
   Stab: Sleeping          |     3 |     1 |    10 ||    14
 Armour: Skin              |     2 |     4 |     8 ||    14
  Dodge: Dodged            |    22 |    27 |    38 ||    87

Table legend: (Time is in decaauts)
 A = Elapsed time spent in this place.
 B = Non-inter-level travel time spent in this place.
 C = Inter-level travel time spent in this place.
 D = Time resting spent in this place.
 E = Time spent auto-exploring this place.
 F = Levels seen in this place.
 G = Mean time per level.
                   A        B        C        D        E       F      G
               +--------+--------+--------+--------+--------+-----+--------+
         Total |   6784 |   6558 |    226 |    313 |   4265 |   9 |  753.8 |
       Dungeon |   6250 |   6024 |    226 |      0 |   4257 |   8 |  781.2 |
       Ossuary |    534 |    534 |      0 |    313 |      8 |   1 |  534.0 |
               +--------+--------+--------+--------+--------+-----+--------+

Top non-repeatable levels by time:
     D:7: 1764 daAuts
     D:3: 845 daAuts
     D:1: 843 daAuts
     D:2: 697 daAuts
     D:5: 688 daAuts
     D:4: 650 daAuts
     D:6: 642 daAuts
 Ossuary: 534 daAuts
     D:8: 117 daAuts
